AoeStats
← Filth Daddy

Arena

508936854Analyzed
3v3 RM · 7d ago on Sep 24, 2026· 41m 17s· 6 players
Game mode
Random Map
Map size
Normal (6 player)
Population
200
Speed
Normal
Resources
Standard
Victory
Conquest
Starting age
Dark Age
Ending age
Imperial Age
RankedLock teamsTeams togetherTeam positionsShared explorationLock speedFull tech treeHidden civsTurbo modeCheats
Victory
Defeat
🇬🇧 Bohemians · United Kingdom
1082
+13
🇬🇧 Franks · United Kingdom
1047
+15
🇬🇧 Turks · United Kingdom
1032
+15
🇷🇸 Khmer · Serbia
1050
-15
🇷🇸 Romans · Serbia
1037
-15
🇷🇸 Teutons · Serbia
983
-13
Sasa - NS
11:55 Feudal Age
15:53 Castle Age
14:03 Double-Bit Axe
14:29 Horse Collar
15:02 Stone Mining
15:33 Gold Mining
17:24 Wheelbarrow
19:37 Bow Saw
22:05 Fortified Wall
24:11 Ballistics
38:36 Heavy Plow
Mr. Peacemaker
11:02 Feudal Age
15:33 Castle Age
14:17 Double-Bit Axe
14:52 Horse Collar
24:10 Husbandry
25:32 Bloodlines
26:14 Bow Saw
26:18 Heavy Plow
28:42 Scale Barding Armor
28:48 Forging
30:07 Chain Barding Armor
32:15 Iron Casting
35:14 Fletching
37:30 Bodkin Arrow
38:12 Fortified Wall
38:13 Masonry
42:09 Imperial Age
40:15 Wheelbarrow
marko0311
11:30 Feudal Age
15:24 Castle Age
13:52 Horse Collar
14:11 Double-Bit Axe
25:28 Scale Barding Armor
25:24 Scale Mail Armor
27:01 Wheelbarrow
26:20 Gold Mining
26:52 Heavy Plow
27:12 Bloodlines
31:57 Imperial Age
30:55 Squires
30:16 Pikeman
32:10 Cavalier
33:20 Siege Engineers
33:33 Gambesons
33:08 Man-at-Arms
36:12 Arson
35:48 Long Swordsman
37:43 Conscription
39:15 Paladin
Just_Ed
12:23 Feudal Age
17:44 Castle Age
16:00 Double-Bit Axe
21:47 Imperial Age
19:43 Gold Mining
20:32 Bow Saw
20:20 Horse Collar
23:15 Bloodlines
31:28 Husbandry
32:59 Forging
36:56 Wheelbarrow
36:18 Heavy Camel Rider
37:38 Scale Barding Armor
38:09 Iron Casting
Jesus2.0
10:44 Feudal Age
14:51 Castle Age
13:32 Double-Bit Axe
16:07 Bow Saw
23:41 Wheelbarrow
24:08 Scale Barding Armor
27:39 Imperial Age
27:32 Scale Barding Armor
27:42 Forging
27:43 Cavalier
29:12 Hand Cart
30:17 Paladin
35:59 Chain Barding Armor
Filth Daddy
10:35 Feudal Age
14:54 Castle Age
12:57 Loom
13:25 Double-Bit Axe
13:51 Horse Collar
15:45 Bow Saw
24:21 Imperial Age
22:16 Fletching
22:48 Heavy Plow
24:43 Wheelbarrow
28:22 Bodkin Arrow
32:58 Hand Cart
32:46 Bracer
33:49 Wagenburg Tactics
34:16 Hussite Reforms
34:48 Town Watch
36:58 Two-Man Saw
36:28 Siege Engineers
37:50 Conscription
38:05 Ballistics
40:19 Murder Holes
42:43 Chemistry
Connection lost

Rejoining the realm…

Still unreachable

The connection could not be restored.

Session expired

The server has moved on; the page needs a fresh start.